 Dungeon Crawl Stone Soup version 0.26.1-2-gb8aa6d0cf2 (webtiles) character file.

Game seed: 7008063693545512279

660 Gadfly the Cudgeller (level 7, -5/67 HPs)
             Began as a Troll Delver on Feb 25, 2021.
             Was an Initiate of Gozag.
             Splashed by Pikel's acid (10 damage)
             ... on level 5 of the Dungeon.
             The game lasted 00:04:35 (3454 turns).

Gadfly the Cudgeller (Troll Delver)                 Turns: 3454, Time: 00:04:36

Health: -5/67      AC: 14    Str: 22    XL:     7   Next: 30%
Magic:  6/6        EV: 10    Int:  6    God:    Gozag
Gold:   330        SH:  0    Dex: 12    Spells: 6/6 levels left

rFire    . . .     SeeInvis .   a - +2 flail (protect)
rCold    . . .     Faith    .   (no shield)
rNeg     . . .     Spirit   .   b - +1 robe
rPois    .         Reflect  .   (helmet restricted)
rElec    .         Harm     .   (no cloak)
rCorr    .         Rampage  .   (gloves unavailable)
Will     .....                  (boots unavailable)
Stlth    ++........             (no amulet)
HPRegen  0.61/turn              (no ring)
MPRegen  0.10/turn              (no ring)

@: protection aura
A: large, unfitting armour, claws 3, regeneration 1, shaggy fur 1, tough skin 3
a: Renounce Religion, Potion Petition, Call Merchant, Bribe Branch


You were on level 5 of the Dungeon.
You worshipped Gozag.
Gozag was aware of your devotion.
You visited 1 branch of the dungeon, and saw 5 of its levels.

You collected 409 gold pieces.
You paid 79 gold pieces to Gozag.

Inventory:

Hand Weapons
 a - a +2 flail of protection (weapon)
 p - a +0 falchion of freezing
 q - a +1 short sword of speed
Armour
 b - a +1 robe (worn)
Wands
 g - a wand of digging (3)
 l - a wand of random effects (15) (quivered)
 n - a wand of polymorph (9)
 v - a wand of paralysis (12)
Scrolls
 c - a scroll of fog
 d - 2 scrolls of magic mapping
 e - 2 scrolls of fear
 s - a scroll of enchant armour
 t - a scroll of remove curse
Potions
 f - a potion of haste
 h - a potion of attraction
 i - a potion of might
 j - a potion of ambrosia
 k - 4 potions of curing
 m - 2 potions of flight
 o - a potion of heal wounds
 r - a potion of degeneration {unknown}
 u - a potion of lignification


   Skills:
 + Level 3.1 Fighting
 * Level 4.2 Maces & Flails
 + Level 3.3 Armour
 - Level 1.5 Dodging
 - Level 2.7 Stealth
 + Level 3.1 Evocations


You had 6 spell levels left.
You didn't know any spells.
Your spell library contained the following spells:

 Spells                   Type           Power        Failure   Level
 Corona                   Hex            0%           45%         1
 Ensorcelled Hibernation  Hex/Ice        0%           58%         2
 Confusing Touch          Hex            0%           83%         3
 Dazzling Flash           Conj/Hex       0%           83%         3
 Tukima's Dance           Hex            0%           83%         3


Dungeon Overview and Level Annotations

Branches:
Dungeon (5/15)
 Temple: D:4-7

Altars:
Ashenzari
Gozag
Vehumet

Shops:
D:4 [[

Annotations:
D:5 Pikel


Innate Abilities, Weirdness & Mutations

You are too large for most types of armour.
You have claws for hands.
Your natural rate of healing is unusually fast.
You are covered in fur. (AC +1)
You have extremely tough skin. (AC +3)


Message History

You are too injured to fight recklessly!
You are too injured to fight recklessly!
You are too injured to fight recklessly!
You are too injured to fight recklessly!
You are too injured to fight recklessly!
You are too injured to fight recklessly!
You are too injured to fight recklessly!
You are too injured to fight recklessly!
You are too injured to fight recklessly!
You are too injured to fight recklessly!
You are too injured to fight recklessly!
You are too injured to fight recklessly!
Unknown command.
You hit Pikel.
Pikel is moderately wounded.
Pikel zaps a wand.
The bolt of acid hits you!!
* * * LOW HITPOINT WARNING * * *
You are splashed with acid!
You die...
Your body crumbles into a pile of gold.

###### #....# #.##.##
#.#...########
#.#..........#
###########.#.#.######.#
...555K@.##.#.#.# ...#.#
########.##.#.#.#.##.#.#
#..#.#.#.#.......
##.#.#.#.#......#
#.#.#.#.#.>.....
######.#.#.#.####.###
...................
########.########.. #..
#..


You could see Pikel and 3 lemures.

Vanquished Creatures
  A centaur (D:3)
  An ogre (D:4)
  A lemure (D:5)
  A big kobold (D:3)
  A howler monkey (D:4)
  A bullfrog zombie (D:3)
  A hound (D:4)
  A jelly (D:5)
  3 orc wizards
  An iguana (D:4)
  A worker ant (D:3)
  A hound skeleton (D:4)
  7 adders
  2 white imps (D:5)
  An ooze (D:3)
  An adder skeleton (D:5)
  2 dart slugs
  7 orcs
  4 bats
  3 giant cockroaches
  18 goblins
  8 hobgoblins
  A quokka (D:3)
  5 frilled lizards
  A kobold (D:1)
  A leopard gecko skeleton (D:4)
  11 rats
86 creatures vanquished.

Vanquished Creatures (others)
  A plant (D:4)
1 creature vanquished.

Grand Total: 87 creatures vanquished

Notes
Turn   | Place    | Note
-------+----------+-------------------------------------------
     0 | D:5      | Gadfly the Troll Delver began the quest for the Orb.
     0 | D:5      | Reached XP level 1. HP: 22/22 MP: 0/0
    23 | D:4      | Reached XP level 2. HP: 27/29 MP: 1/1
   140 | D:4      | Reached skill level 2 in Maces & Flails
   140 | D:4      | Reached skill level 1 in Armour
   140 | D:4      | Reached skill level 1 in Evocations
   140 | D:4      | Reached XP level 3. HP: 36/36 MP: 2/2
   146 | D:4      | Reached XP level 4. HP: 41/44 MP: 3/3
   232 | D:3      | Noticed a big kobold
   257 | D:3      | Killed a big kobold
   258 | D:3      | Reached XP level 5. HP: 29/50 MP: 4/4
  1880 | D:2      | Found an opulent altar of Gozag.
  1888 | D:2      | Became a worshipper of Gozag Ym Sagoz the Greedy
  1966 | D:3      | Reached skill level 3 in Maces & Flails
  1973 | D:3      | Reached XP level 6. HP: 48/59 MP: 5/5
  2363 | D:3      | Found a radiant altar of Vehumet.
  2481 | D:3      | Found a broken altar of Ashenzari.
  2736 | D:4      | Reached XP level 7. HP: 32/67 MP: 6/6
  2871 | D:4      | Found Leoloteed's Armour Shop.
  2929 | D:4      | Reached skill level 4 in Maces & Flails
  3001 | D:4      | Found Weremete's Antique Armour Shoppe.
  3448 | D:5      | Noticed Pikel
  3454 | D:5      | Splashed by Pikel's acid

Illustrated notes

Levels and vault maps discovered:
D:1:      heliophobic_arrival_glass_houses, layout_basic
D:2:      kennysheep_the_goblin_king, layout_rooms,
          lemuel_coloured_pillars_altar, kennysheep_doodads
D:3:      layout_loops_cross, overflow_temple_1_default, ashenzari_altar_1
D:4:      layout_basic, serial_shops, shop, shop_statue, serial_bayou_lake_a
D:5:      minmay_opposing_rooms, layout_basic, overflow_temple_1_default,
          marbit_many_paths, uniq_prince_ribbit1, uniq_menkaure, uniq_pikel

Skill      XL: |  1  2  3  4  5  6  7 |
---------------+----------------------+-----
Maces & Flails | 2 3 4 |  4.2
Armour         | 1 2 3 |  3.3
Evocations     | 1 2 3 |  3.1
Fighting       | 3 |  3.1
Dodging        | |  1.5
Stealth        | |  2.7

Action                   |  1- 3 |  4- 6 |  7- 9 || total
-------------------------+-------+-------+-------++-------
Melee: Mace              |     6 |       |       ||     6
       Flail             |    10 |   218 |    59 ||   287
  Use: Scroll            |       |     9 |     2 ||    11
       Potion            |       |     1 |       ||     1
 Stab: Sleeping          |     1 |    13 |     1 ||    15
       Distracted        |       |       |     1 ||     1
Armor: Robe              |     8 |   136 |    26 ||   170
Dodge: Dodged            |     6 |   136 |    21 ||   163
